 Dungeon Crawl Stone Soup version 0.31-a0-96-g196d5507e3 (webtiles) character file.

Game seed: 11868126723215252916

5332 Conn the Thaumaturge (level 10, -2/59 HPs)
             Began as an Octopode Fire Elementalist on May 26, 2023.
             Was a Priest of Sif Muna.
             Slain by a troll (9 damage)
             ... on level 9 of the Dungeon on May 27, 2023.
             The game lasted 00:37:24 (11983 turns).

Conn the Thaumaturge (Octopode Fire Elementalist)  Turns: 11983, Time: 00:37:25

Health: -2/59      AC:  1    Str:  8    XL:     10   Next: 64%
Magic:  18/22      EV: 13    Int: 22    God:    Sif Muna [***...]
Gold:   186        SH:  0    Dex: 12    Spells: 2/25 levels left

rFire   . . .        C - staff of cold
rCold   + . .        (no shield)
rNeg    . . .        (helmet restricted)
rPois   .            (no amulet)
rElec   .            s - ring of see invisible
rCorr   +            B - ring of resist corrosion
SInv    +            (no ring)
Will    .....        (no ring)
Stlth   ++++         (no ring)
HPRegen 0.29/turn    (no ring)
MPRegen 0.18/turn    (no ring)
                     (no ring)

%: no passive effects
@: no status effects
A: almost no armour, amphibious, 8 rings, camouflage 1, gelatinous body 1,
(nimble swimmer 1), tentacles
a: Renounce Religion, Channel Magic, Forget Spell


You were on level 9 of the Dungeon.
You worshipped Sif Muna.
Sif Muna was most pleased with you.
You visited 2 branches of the dungeon, and saw 10 of its levels.
You also visited: Sewer.

You collected 466 gold pieces.
You spent 280 gold pieces at shops.

Inventory:

Hand Weapons
 b - a +0 short sword
 t - a +1 dagger of electrocution
Missiles
 w - a throwing net
 y - a curare-tipped dart (quivered)
Armour
 D - a +0 kite shield
Magical Staves
 o - a staff of poison
 C - a staff of cold (weapon)
Jewellery
 s - a ring of see invisible (left tentacle)
 B - a ring of resist corrosion (right tentacle)
Wands
 f - a wand of mindburst (13)
 g - a wand of flame (27)
 p - a wand of paralysis (9)
 q - a wand of polymorph (5)
 r - a wand of roots (6)
Scrolls
 i - 2 scrolls of enchant armour
 l - 2 scrolls of enchant weapon
 m - 2 scrolls of teleportation
 v - a scroll of poison
Potions
 a - 2 potions of magic
 c - 4 potions of curing
 d - a potion of resistance
 e - a potion of invisibility
 h - 3 potions of brilliance
 j - a potion of cancellation
 n - 2 potions of haste
 u - a potion of lignification
 x - a potion of ambrosia
 z - 2 potions of attraction {unknown}
 A - 3 potions of might {unknown}


   Skills:
 + Level 1.5 Fighting
 + Level 1.7 Short Blades
 + Level 3.1 Dodging
 + Level 6.2 Stealth
 * Level 1.0 Shields
 + Level 8.3 Spellcasting
 * Level 5.7 Conjurations
 + Level 2.0 Hexes
 + Level 4.1 Summonings
 + Level 6.5 Fire Magic
 * Level 3.7 Ice Magic
 * Level 5.1 Invocations


You had 2 spell levels left.
You knew the following spells:

 Your Spells              Type           Power      Damage    Failure   Level
a - Foxfire               Conj/Fire      100%       2x1d9     1%          1
b - Scorch                Fire           74%        2d8       1%          2
c - Inner Flame           Hex/Fire       23%        N/A       5%          3
d - Flame Wave            Conj/Fire      31%        2d9       9%          4
e - Call Canine Familiar  Summ           27%        N/A       4%          3
f - Ozocubu's Armour      Ice            38%        N/A       4%          3
g - Summon Ice Beast      Ice/Summ       32%        N/A       22%         4
h - Summon Guardian Gole  Hex/Summ       18%        N/A       10%         3

Your spell library contained the following spells:

 Spells                   Type           Power      Damage    Failure   Level
 Summon Small Mammal      Summ           100%       N/A       1%          1
 Kiss of Death            Conj/Necr      68%        2d10      3%          1
 Shock                    Conj/Air       68%        1d7       3%          1
 Frozen Ramparts          Ice            76%        1d12      4%          3
 Volatile Blastmotes      Fire/Tloc      36%        2d13      9%          3
 Tukima's Dance           Hex            18%        N/A       10%         3
 Portal Projectile        Hex/Tloc       18%        N/A       22%         3
 Swiftness                Air            9%         N/A       22%         3
 Ice Form                 Ice/Tmut       19%        N/A       45%         4
 Airstrike                Air            4%         2d(1-17)  56%         4
 Leda's Liquefaction      Hex/Erth       4%         N/A       58%         4
 Summon Mana Viper        Hex/Summ       18%        N/A       65%         5
 Blade Hands              Tmut           4%         N/A       89%         5
 Alistair's Intoxication  Tmut/Pois      2%         N/A       97%         5
 Borgnjor's Vile Clutch   Necr/Erth      2%         N/A       97%         5
 Eringya's Noxious Bog    Tmut/Pois      2%         N/A       100%        6
 Haunt                    Necr/Summ      6%         N/A       100%        7
 Monstrous Menagerie      Summ           13%        N/A       100%        7
 Necromutation            Tmut/Necr      2%         N/A       100%        8


Dungeon Overview and Level Annotations

Branches:
Dungeon (9/15)             Temple (1/1) D:4           Sewer (visited)
   Lair: D:8-11         Orc: D:9-12

Altars:
Ashenzari
Cheibriados
Dithmenos
Elyvilon
Fedhas
Gozag
Hepliaklqana
Kikubaaqudgha
Makhleb
Nemelex Xobeh
Okawaru
Qazlal
Ru
Sif Muna
Trog
Uskayaw
Vehumet
Wu Jian
Xom
Yredelemnul
Zin
The Shining One

Shops:
D:1 [   D:9 :

Annotations:
D:3 3 runed translucent doors, FelidPro's ghost, amateur OpAE
D:9 4 transporters, exclusion: obsidian statue


Innate Abilities, Weirdness & Mutations

You cannot wear most types of armour.
You are amphibious.
You can wear up to eight rings at the same time.
Your skin changes colour to match your surroundings (Stealth+).
Your rubbery body absorbs attacks. (AC +1, EV +1)
((You are camouflaged when in or above water. (Stealth+)))
You have tentacles for arms and can constrict up to eight enemies at once.


Message History

Confirm with . or Enter, or press ? or * to list all spells.
Flames lash the troll.
The troll is almost dead.
The troll's fire resistance burns away.
The troll barely misses you. The troll closely misses you.
The troll claws you but does no damage.
Casting: Scorch (safe; 1% risk of failure)
Confirm with . or Enter, or press ? or * to list all spells.
Casting: Flame Wave (dangerous; 9% risk of failure)
Press: ? - help, Dir - look around, f - activate A wave of flame ripples out!
The flame wave engulfs the troll!!
The troll is burned terribly!
You kill the troll!
Sif Muna accepts your kill. (Press . to intensify the flame waves.)
Your Shields skill increases to level 1!
Your icy armour starts to melt.
Your icy armour evaporates.
You now have 171 gold pieces (gained 20).
Found a dagger.
You now have 186 gold pieces (gained 15).
Found an escape hatch in the ceiling.
There is an open door here.
There is an open door here.
There is an open door here.
Found a +0 robe.
You see here a +0 robe.
Found a stone staircase leading up.
A troll comes into view.
There is an open door here.
The troll shouts!
The troll bites you!! The troll claws you. The troll closely misses you.
Casting: Flame Wave (dangerous; 9% risk of failure)
Confirm with . or Enter, or press ? or * to list all spells.
The spell is quite dangerous to miscast (22% risk of failure)!
Continue anyway?
You feel a surge of power! A chill wind blows around you.
The troll completely misses you. The troll claws you! The troll misses you.
The troll attacks as you move away! The troll bites you!
* * * LOW HITPOINT WARNING * * *
The troll claws you!
You die...

#..#..........# ### #8.©.8#
#..#........>.#
################
#..'..........# .....
#8.©.8#8.) #..#..........#
.... #.....#...
#..####........ ...
©#©.⌠.©#©).
#.....#...######..
#.....#...
##.....#...#......
#8.©.8#8..
....####...#....Y#
##########
....#......#...T@## # #8.©.
#####...[..######'##.###...
.....................##...
.....................<##..
......................#
........#####.........#
.....#### #...#####...
##### #...# #### #...#


You could see a troll (ally target) and a friendly ice beast (summoned).

Vanquished Creatures
  Maggie (D:6)
  A troll (D:9)
  Prince Ribbit (D:6)
  6 yaks (D:8)
  A wraith (D:9)
  2 steam dragons
  A water moccasin (D:9)
  Edmund (D:6)
  2 orc warriors
  A sky beast (D:8)
  2 ice beasts
  Pargi (Sewer)
  A black bear (D:5)
  2 centaurs (D:6)
  A phantom (D:3)
  A kobold brigand (D:8)
  3 bullfrogs
  A gnoll sergeant (D:6)
  5 scorpions
  5 wights (D:9)
  4 howler monkeys
  4 jellies
  A quasit (D:6)
  4 hounds
  5 orc priests
  A gnoll bouda (D:7)
  An iguana (D:5)
  A sleepcap (D:6)
  15 orc wizards
  7 adders
  11 gnolls
  2 shadow imps (D:5)
  2 white imps (D:6)
  An ufetubus (D:6)
  4 worms
  3 dart slugs
  39 orcs
  10 endoplasms
  4 giant cockroaches
  12 goblins
  8 hobgoblins
  10 jackals
  9 kobolds
  5 quokkas
  9 ball pythons
  8 bats
  13 frilled lizards
  8 rats
240 creatures vanquished.

Vanquished Creatures (others)
  679 foxfires
679 creatures vanquished.

Grand Total: 919 creatures vanquished

Notes
Turn   | Place    | Note
-------+----------+-------------------------------------------
     0 | D:1      | Conn the Octopode Fire Elementalist began the quest for the
                  | Orb.
     0 | D:1      | Reached XP level 1. HP: 11/11 MP: 3/3
    90 | D:1      | Reached XP level 2. HP: 7/17 MP: 0/5
   367 | D:1      | Found a faded altar of an unknown god.
   759 | D:1      | Found Noskuy's Armour Shoppe.
   768 | D:1      | Reached XP level 3. HP: 21/21 MP: 2/6
  1849 | D:2      | Reached XP level 4. HP: 26/27 MP: 8/8
  2472 | D:3      | Found a glowing drain.
  2481 | D:3      | Reached skill level 3 in Spellcasting
  2486 | Sewer    | Entered a sewer
  2570 | Sewer    | Noticed Pargi
  2578 | Sewer    | Killed Pargi
  2579 | Sewer    | Reached skill level 1 in Short Blades
  2579 | Sewer    | Reached XP level 5. HP: 32/32 MP: 1/9
  3026 | D:3      | Found a runed translucent gate.
  3026 | D:3      | Found a runed translucent gate.
  3026 | D:3      | Found a runed translucent gate.
  3062 | D:3      | Reached skill level 1 in Fighting
  3202 | D:3      | Noticed a phantom
  3214 | D:3      | Killed a phantom
  3215 | D:3      | Reached XP level 6. HP: 31/38 MP: 0/11
  3218 | D:3      | Learned a level 2 spell: Scorch
  3222 | D:3      | Learned a level 3 spell: Inner Flame
  3227 | D:3      | Learned a level 4 spell: Flame Wave
  3644 | D:3      | Noticed FelidPro's ghost (amateur OpAE)
  3699 | D:4      | Found a staircase to the Ecumenical Temple.
  3711 | Temple   | Entered the Ecumenical Temple
  4645 | D:4      | Found a glowing golden altar of the Shining One.
  4649 | D:4      | Got the Atlas of Hiemal Bones
  4667 | D:4      | Found a sacrificial altar of Ru.
  4671 | D:4      | Found a snail-covered altar of Cheibriados.
  4759 | D:4      | Found a shimmering blue altar of Sif Muna.
  4781 | D:4      | Became a worshipper of Sif Muna the Loreminder
  4888 | D:5      | Entered Level 5 of the Dungeon
  4903 | D:5      | Reached skill level 1 in Invocations
  4915 | D:5      | Reached skill level 4 in Spellcasting
  4915 | D:5      | Reached XP level 7. HP: 16/43 MP: 1/13
  5071 | D:4      | Learned a level 3 spell: Call Canine Familiar
  5355 | D:5      | Reached skill level 5 in Stealth
  5412 | D:5      | Found an ornate altar of the Wu Jian Council.
  5912 | D:5      | Reached XP level 8. HP: 47/48 MP: 9/15
  6012 | D:5      | Learned a level 3 spell: Ozocubu's Armour
  6062 | D:6      | Reached skill level 1 in Summonings
  6193 | D:6      | Noticed Prince Ribbit
  6201 | D:6      | Killed Prince Ribbit
  6201 | D:6      | Noticed Maggie
  6202 | D:6      | Reached skill level 5 in Spellcasting
  6202 | D:6      | Reached skill level 5 in Fire Magic
  6202 | D:6      | Reached skill level 1 in Ice Magic
  6517 | D:6      | Reached * piety under Sif Muna
  6859 | D:6      | Reached XP level 9. HP: 53/53 MP: 11/17
  6913 | D:6      | Reached skill level 6 in Spellcasting
  7480 | D:6      | Killed Maggie
  7616 | D:6      | Noticed Edmund
  7638 | D:6      | Killed Edmund
  7993 | D:7      | Reached skill level 7 in Spellcasting
  8021 | D:7      | Found a shadowy altar of Dithmenos.
  8162 | D:7      | Reached ** piety under Sif Muna
  8164 | D:7      | Reached skill level 1 in Hexes
  8350 | D:7      | Found a glowing silver altar of Zin.
  8995 | D:7      | Found a bloodstained altar of Trog.
  9320 | D:7      | Noticed a troll
  9322 | D:7      | Noticed a gargoyle
  9848 | D:8      | Reached XP level 10. HP: 59/59 MP: 12/21
 10516 | D:8      | Reached skill level 5 in Conjurations
 10519 | D:8      | Reached skill level 8 in Spellcasting
 11056 | D:9      | Found Zazoirghi's Book Shop.
 11056 | D:9      | Noticed a walking earthen tome
 11078 | D:9      | Learned a level 4 spell: Summon Ice Beast
 11096 | D:9      | Found a transporter.
 11104 | D:9      | Found a transporter.
 11106 | D:9      | Found a transporter.
 11123 | D:9      | Noticed a walking frostbound tome
 11160 | D:9      | Reached *** piety under Sif Muna
 11183 | D:9      | Found a transporter.
 11352 | D:9      | Bought a book of Callings for 280 gold pieces
 11356 | D:9      | Learned a level 3 spell: Summon Guardian Golem
 11390 | D:9      | Reached skill level 5 in Invocations
 11584 | D:9      | Found a blossoming altar of Fedhas.
 11623 | D:9      | Found an opulent altar of Gozag.
 11653 | D:9      | Noticed an obsidian statue
 11775 | D:9      | Reached skill level 1 in Shields
 11983 | D:9      | Slain by a troll

Illustrated notes

Levels and vault maps discovered:
D:1:      nzn_arrival_depleted_hourglass, layout_basic,
          hellmonk_ecumenical_altar_crossroads, serial_shops,
          nicolae_square_shop
D:2:      layout_basic
D:3:      minmay_diamond_boxcup, layout_basic, portal_sewer_entry_b,
          gammafunk_ghost_icy
D:4:      layout_rooms, kennysheep_orc_sif_temple,
          minmay_overflow_temple_star_quad,
          minmay_temple_entry_drinking_statues, minmay_misc_feat_room,
          chequers_serial_rivers_room_b
D:5:      layout_loops_ring, nzn_wu_jian_contemplation
D:6:      minmay_spotlight, layout_loops_cross, serial_demonic,
          serial_demonic_c, serial_demonic_g, serial_demonic_b,
          serial_demonic_b, hangedman_decor_slide_cut, uniq_prince_ribbit1,
          uniq_maggie, uniq_edmund
D:7:      layout_layer_cave, trog_hazing_becter, zin_scriptorium,
          mainiacjoe_overflow_small_starburst, lightli_corner_chamber
D:8:      minmay_recursive_quarters, layout_layer_cave, st_stairs_5
D:9:      layout_irregular_city, nicolae_overflow_crystal_walls,
          mainiacjoe_overflow_catwalk, serial_shops, nicolae_shop_mannequins,
          minivault_16, nicolae_diode_intersection
Temple:   chequers_temple_sunken

Skill      XL: |  1  2  3  4  5  6  7  8  9 10 |
---------------+-------------------------------+-----
Stealth        | 3 4 5 6 |  6.2
Spellcasting   | 3 4 5 7 8 |  8.3
Short Blades   | 1 |  1.7
Fighting       | 1 |  1.5
Conjurations   | 2 3 4 5 |  5.7
Fire Magic     | 4 5 6 |  6.5
Invocations    | 1 2 3 4 5 |  5.1
Summonings     | 3 4 |  4.1
Ice Magic      | 1 3 |  3.7
Dodging        | 3 |  3.1
Hexes          | 1 2 |  2.0
Shields        | 1 |  1.0

Action                     |  1- 3 |  4- 6 |  7- 9 | 10-12 || total
---------------------------+-------+-------+-------+-------++-------
  Melee: Unarmed           |     9 |       |       |       ||     9
         Constrict         |    11 |    15 |    13 |     1 ||    40
         Tentacles         |     6 |    12 |    11 |     3 ||    32
         Short sword       |    39 |    46 |       |       ||    85
         Dagger            |       |    13 |    53 |     6 ||    72
         Punch             |       |       |     1 |       ||     1
         Staff             |       |       |       |     3 ||     3
  Throw: Dart              |       |       |       |     1 ||     1
         Throwing net      |       |       |       |     1 ||     1
   Cast: Foxfire           |    58 |   102 |   179 |    59 ||   398
         Scorch            |       |     5 |    26 |     9 ||    40
         Flame Wave        |       |       |     5 |     6 ||    11
         Inner Flame       |       |       |    13 |     9 ||    22
         Call Canine Famil |       |       |     3 |     1 ||     4
         Ozocubu's Armour  |       |       |     1 |     2 ||     3
         Summon Ice Beast  |       |       |       |     1 ||     1
 Invoke: Channel Magic     |       |       |     1 |       ||     1
  Evoke: Wand              |       |       |       |     1 ||     1
    Use: Potion            |       |       |     6 |     3 ||     9
         Scroll            |       |       |    17 |     3 ||    20
   Stab: Sleeping          |     6 |     7 |     9 |       ||    22
 Armour: Skin              |     5 |     1 |     9 |     5 ||    20
  Dodge: Dodged            |    35 |    46 |    53 |    26 ||   160

Table legend: (Time is in decaauts)
 A = Elapsed time spent in this place.
 B = Non-inter-level travel time spent in this place.
 C = Inter-level travel time spent in this place.
 D = Time resting spent in this place.
 E = Time spent auto-exploring this place.
 F = Levels seen in this place.
 G = Mean time per level.
                   A        B        C        D        E       F      G
               +--------+--------+--------+--------+--------+-----+--------+
         Total |  11956 |  11727 |    229 |    349 |   8651 |  11 | 1086.9 |
       Dungeon |  11371 |  11173 |    198 |    349 |   8187 |   9 | 1263.4 |
        Temple |    213 |    182 |     31 |      0 |    147 |   1 |  213.0 |
         Sewer |    371 |    371 |      0 |      0 |    317 |   1 |  371.0 |
               +--------+--------+--------+--------+--------+-----+--------+

Top non-repeatable levels by time:
     D:7: 1682 daAuts
     D:6: 1543 daAuts
     D:8: 1516 daAuts
     D:5: 1204 daAuts
     D:4: 1171 daAuts
     D:1: 1143 daAuts
     D:3: 1140 daAuts
     D:2: 1040 daAuts
     D:9: 927 daAuts
   Sewer: 371 daAuts
  Temple: 213 daAuts
